 Dungeon Crawl Stone Soup version 0.19.1-1-g22dce08 (webtiles) character file.

1126 Venfury the Chopper (level 8, -5/79 HPs)
             Began as a Troll Berserker on Jan 5, 2017.
             Was an Elder of Trog.
             Slain by a centaur (6 damage)
             ... on level 6 of the Dungeon.
             The game lasted 00:41:07 (4122 turns).

Venfury the Chopper (Troll Berserker)               Turns: 4122, Time: 00:41:07

Health: -5/79      AC:  7    Str: 26    XL:     8   Next: 13%
Magic:  7/7        EV: 11    Int:  4    God:    Trog [****..]
Gold:   256        SH:  0    Dex: 10    Spells: 0 memorised, 7 levels left

rFire  . . .     SeeInvis .     a - +0 hand axe
rCold  . . .     Gourm    +     e - +2 animal skin
rNeg   . . .     Faith    .     (no shield)
rPois  .         Spirit   .     (helmet restricted)
rElec  .         Reflect  .     (no cloak)
rCorr  .         Harm     .     (gloves unavailable)
MR     .....                    (boots unavailable)
Stlth  +.........               (no amulet)
                                (no ring)
                                (no ring)

@: lethally poisoned (-5 -> -8)
A: unfitting armour, claws 3, fast metabolism 3, gourmand, regeneration 1,
shaggy fur 1, tough skin 2
a: Berserk, Trog's Hand, Brothers in Arms, Burn Spellbooks, Renounce Religion


You were on level 6 of the Dungeon.
You worshipped Trog.
Trog was greatly pleased with you.
You were not hungry.

You visited 1 branch of the dungeon, and saw 6 of its levels.

You collected 256 gold pieces.

Inventory:

Hand Weapons
 a - a +0 hand axe (weapon)
 i - a +0 flail of crushing
 l - a cursed -3 mace
Armour
 e - a +2 animal skin (worn)
Jewellery
 k - an uncursed ring of positive energy {unknown}
 n - an uncursed ring of poison resistance {unknown}
 s - an uncursed ring of stealth {unknown}
Wands
 q - a wand of flame (18/48)
Scrolls
 b - a scroll of recharging {unknown}
 f - a scroll of vulnerability {unknown}
 g - 2 scrolls of magic mapping {unknown}
 j - a scroll of immolation
 m - a scroll of fog {unknown}
 p - 2 scrolls of remove curse
Potions
 c - a potion of might {unknown}
 d - 2 potions of resistance
 h - a potion of curing
 o - 2 potions of berserk rage
 t - a potion of cure mutation {unknown}
Comestibles
 r - 5 chunks of flesh
 u - a fruit


   Skills:
 + Level 4.3 Fighting
 + Level 5.8 Axes
 + Level 5.1 Dodging
 + Level 0.9 Stealth


You had 7 spell levels left.
You didn't know any spells.

Dungeon Overview and Level Annotations

Branches:
Dungeon (6/15)             Temple (0/1) D:5

Altars:
Elyvilon
Fedhas
Hepliaklqana

Shops:
D:5 :


Innate Abilities, Weirdness & Mutations

You are too large for most types of armour.
You have claws for hands.
Your metabolism is lightning-fast.
You like to eat raw meat.
Your natural rate of healing is unusually fast.
You are covered in fur. (AC +1)
You have very tough skin. (AC +2)


Message History

You hit the hound zombie. You hit the adder but do no damage.
You feel sick. The adder bites you but does no damage.
The centaur hits you but does no damage.
The hound zombie closely misses you. The adder barely misses you.
The centaur hits you.
* * * LOW HITPOINT WARNING * * *
The hound zombie barely misses you.
As you read the scroll labeled PIAXTO FISE, it crumbles to dust.
You feel blessed for a moment.
It was a scroll of remove curse.
You feel sick. The centaur hits you.
* * * LOW HITPOINT WARNING * * *
The adder misses you.
The hound zombie bites you but does no damage.
Unknown command.
As you read the scroll labeled TULATW BIRUETI, it crumbles to dust.
The creatures around you are filled with an inner flame!
It was a scroll of immolation.
* * * LOW HITPOINT WARNING * * *
You feel sick. The centaur hits you.
You die...

##### # #...# .#
#...# ..# #...#
##..# #...###(...#
.. #....%%(.# ...
#...#.@S## ...#
###...#.cZ...#
.....
###........###....
...#.##...#...#.##
...
............###.#
.. ..#.....#####
#.# .
....##...#####..#
....####.......##.
..................


You could see a centaur (inner flame), an adder (inner flame) and a hound zombie
(inner flame).

Vanquished Creatures
  The ghost of Lluna the Sneak, a novice SpEn (D:5)
  2 ice beasts
  A bullfrog (D:5)
  A bullfrog zombie (D:5)
  A hound (D:3)
  7 orc wizards
  2 orc priests
  A bullfrog skeleton (D:5)
  Terence (D:1)
  An iguana (D:6)
  A worker ant (D:5)
  Robin (D:1)
  4 gnolls (D:4)
  7 adders
  2 oozes (D:2)
  An adder zombie (D:6)
  3 worms
  2 dart slugs
  4 leopard geckos
  13 orcs
  5 giant cockroaches
  4 hobgoblins
  7 jackals
  8 kobolds
  2 quokkas
  3 bats
  3 frilled lizards
  14 goblins (D:1)
  A jackal skeleton (D:6)
  A quokka zombie (D:5)
  4 rats
108 creatures vanquished.

Vanquished Creatures (others)
  An orc wizard (D:5)
  A quokka (D:5)
2 creatures vanquished.

Grand Total: 110 creatures vanquished

Notes
Turn   | Place    | Note
-------+----------+-------------------------------------------
     0 | D:1      | Venfury the Troll Berserker began the quest for the Orb.
     0 | D:1      | Reached XP level 1. HP: 22/22 MP: 0/0
   111 | D:1      | Reached XP level 2. HP: 28/29 MP: 1/1
   992 | D:2      | Noticed Terence
   992 | D:2      | Noticed Robin
   997 | D:1      | Reached XP level 3. HP: 31/36 MP: 2/2
  1022 | D:1      | Killed Robin
  1022 | D:1      | Reached ** piety under Trog
  1076 | D:1      | Killed Terence
  1076 | D:1      | Reached XP level 4. HP: 21/44 MP: 3/3
  1254 | D:2      | Found a blossoming altar of Fedhas.
  1990 | D:3      | Reached XP level 5. HP: 39/53 MP: 4/4
  2042 | D:3      | You fall through a shaft!
  2571 | D:5      | Entered Level 5 of the Dungeon
  2580 | D:5      | Noticed Lluna's ghost (novice SpEn)
  2639 | D:5      | Killed Lluna's ghost
  2639 | D:5      | Reached XP level 6. HP: 50/61 MP: 5/5
  2668 | D:5      | Noticed an ice beast
  2737 | D:4      | Killed an ice beast
  2814 | D:4      | Reached XP level 7. HP: 37/67 MP: 6/6
  2993 | D:5      | Found Jala's Book Shop.
  3037 | D:5      | Reached *** piety under Trog
  3112 | D:5      | Found a white marble altar of Elyvilon.
  3130 | D:5      | Found a staircase to the Ecumenical Temple.
  3175 | D:5      | Reached skill level 5 in Axes
  3797 | D:6      | Found a faded altar of an unknown god.
  3797 | D:6      | Found a faded altar of an unknown god.
  3805 | D:6      | Found a faded altar of an unknown god.
  3812 | D:6      | Found a faded altar of an unknown god.
  3814 | D:6      | Found a hazy altar of Hepliaklqana.
  3859 | D:6      | Reached skill level 5 in Dodging
  3859 | D:6      | Reached XP level 8. HP: 63/78 MP: 7/7
  4087 | D:6      | Reached **** piety under Trog
  4121 | D:6      | HP: 1/79 [centaur (5)]
  4122 | D:6      | Slain by a centaur

Skill      XL: |  1  2  3  4  5  6  7 |
---------------+----------------------+-----
Axes           | 3 4 5 |  5.8
Dodging        | 3 4 5 |  5.1
Fighting       | 3 4 |  4.3
Stealth        | |  0.9

Action                   |  1- 3 |  4- 6 |  7- 9 || total
-------------------------+-------+-------+-------++-------
Melee: Hand axe          |   101 |   226 |   245 ||   572
Invok: Trog's Hand       |     1 |     1 |     1 ||     3
       Berserk           |       |     1 |     1 ||     2
  Use: Scroll            |     3 |     5 |     2 ||    10
       Potion            |       |       |     1 ||     1
 Stab: Sleeping          |     1 |       |       ||     1
  Eat: Chunk             |     3 |    10 |     7 ||    20
       Bread ration      |     1 |     2 |     1 ||     4
       Beef jerky        |       |     1 |       ||     1
Armor: Animal skin       |    67 |   106 |   117 ||   290
Dodge: Dodged            |    83 |   131 |   165 ||   379
